 Dungeon Crawl Stone Soup version 0.30.1-4-g462c640d31 (webtiles) character file.

Game seed: 3433147610841548790

2291 coolio the Chopper (level 9, -16/71 HPs)
             Began as a Demonspawn Fighter on Aug 22, 2023.
             Was a Follower of Makhleb.
             Killed from afar by Maggie (30 damage)
             ... with a bolt of fire
             ... on level 7 of the Dungeon.
             The game lasted 00:07:05 (6635 turns).

coolio the Chopper (Demonspawn Fighter)             Turns: 6635, Time: 00:07:06

Health: -16/71     AC:  0    Str: 19    XL:     9   Next: 17%
Magic:  13/13      EV: 17    Int: 11    God:    Makhleb [*.....]
Gold:   993        SH:  5    Dex: 18    Spells: 8/8 levels left

rFire   . . .        a - melded +1 war axe (spect)
rCold   . . .        (shield currently unavailable)
rNeg    . . .        b - melded +1 scale mail
rPois   .            (helmet currently unavailable)
rElec   .            (cloak currently unavailable)
rCorr   .            (gloves currently unavailable)
SInv    .            (boots currently unavailable)
Will    .....        l - amulet of reflection
Stlth   ++           f - melded ring "Jaer" {rC+ Str+3 Int-5 SInv}
HPRegen 0.31/turn    E - melded +4 ring of slaying
MPRegen 0.26/turn

%: reflection
@: bat-form, flying, studying Invocations, very quick
A: fast, flying, no casting, tiny, demonic guardian 1, magic regeneration,
(sharp scales 3), (demonic touch 1)
a: Renounce Religion


You were on level 7 of the Dungeon.
You worshipped Makhleb.
Makhleb was aware of your devotion.
You were a bat.
You visited 2 branches of the dungeon, and saw 8 of its levels.
You also visited: Ossuary.

You collected 1473 gold pieces.
You spent 480 gold pieces at shops.

Inventory:

Hand Weapons
 a - a +1 spectral war axe (melded)
 c - a +3 battleaxe
 h - a +5 battleaxe of freezing
Armour
 b - a +1 scale mail (melded)
Jewellery
 f - the ring "Jaer" (melded) {rC+ Str+3 Int-5 SInv}
   (You bought it in a shop on level 7 of the Dungeon)

   [ring of protection from cold]

   Str:       It affects your strength (+3).
   Int:       It affects your intelligence (-5).
   rC:        It protects you from cold.
   SInv:      It lets you see invisible.
 l - an amulet of reflection (around neck)
 o - a ring of flight
 t - a ring of willpower
 C - a ring of wizardry
 E - a +4 ring of slaying (melded)
Scrolls
 e - 3 scrolls of teleportation
 g - a scroll of magic mapping
 i - 2 scrolls of vulnerability
 j - 6 scrolls of identify
 m - 4 scrolls of noise
 q - a scroll of blinking
 r - a scroll of enchant weapon
Potions
 d - 2 potions of might
 k - 4 potions of haste
 p - 7 potions of degeneration
 s - 3 potions of curing {unknown}
 u - 2 potions of berserk rage {unknown}
 v - a potion of cancellation {unknown}
 w - a potion of ambrosia {unknown}
 x - a potion of lignification {unknown}
 z - 3 potions of mutation
 A - 3 potions of heal wounds {unknown}
 F - a potion of attraction {unknown}


   Skills:
 + Level 6.5 Fighting
 * Level 7.8 Axes
 + Level 5.9 Armour
 - Level 2.6 Shields
 + Level 6.3 Invocations


You had 8 spell levels left.
You didn't know any spells.
Your spell library contained the following spells:

 Spells                   Type           Power      Damage    Failure   Level
 Shock                    Conj/Air       0%         1d3       34%         1
 Summon Small Mammal      Summ           0%         N/A       34%         1
 Call Canine Familiar     Summ           0%         N/A       71%         3
 Inner Flame              Hex/Fire       0%         N/A       71%         3
 Ozocubu's Armour         Ice            0%         N/A       71%         3
 Portal Projectile        Hex/Tloc       0%         N/A       71%         3
 Summon Guardian Golem    Hex/Summ       0%         N/A       71%         3
 Swiftness                Air            0%         N/A       71%         3
 Tukima's Dance           Hex            0%         N/A       71%         3
 Airstrike                Air            0%         2d(0-16)  98%         4
 Flame Wave               Conj/Fire      0%         2d4       98%         4
 Sticky Flame             Conj/Fire      0%         2d3       98%         4
 Blade Hands              Tmut           0%         N/A       100%        5
 Fireball                 Conj/Fire      0%         3d3       100%        5
 Iskenderun's Battlesphe  Conj           0%         2d6       100%        5
 Conjure Ball Lightning   Conj/Air       0%         3x3d6     100%        6
 Orb of Destruction       Conj           0%         9d5       100%        7
 Ozocubu's Refrigeration  Ice            0%         4d7       100%        7


Dungeon Overview and Level Annotations

Branches:
Dungeon (7/15)             Temple (1/1) D:5         Ossuary (visited)

Altars:
Ashenzari
Cheibriados
Dithmenos
Fedhas
Gozag
Kikubaaqudgha
Makhleb
Nemelex Xobeh
Qazlal
Ru
Trog
Uskayaw
Wu Jian
Xom
Yredelemnul

Shops:
D:7 =

Annotations:
D:7 Dowan, Duvessa, Maggie


Innate Abilities, Weirdness & Mutations

You are a bat.
You are tiny and dextrous.
You move quickly.
You are flying.
Your equipment is almost entirely melded.
You are incapable of wielding weapons or throwing items.
You cannot cast spells.
A weak demonic guardian rushes to your aid.
You regenerate magic rapidly.
((You are completely covered in razor-sharp scales. (AC +3, Slay +3)))
((Your touch may inflict minor irresistible damage on your foes.))


Message History

Makhleb accepts your kill.
Your +1 spectral war axe disappears.
Dowan mumbles some strange words.
Dowan blinks!
The orc warrior misses you.
Unknown command.
You barely miss the orc.
Your +1 spectral war axe hits the orc!
You kill the orc!
Makhleb accepts your kill.
Duvessa zaps a wand.
You turn into a bat.
Your +1 spectral war axe melds into your body.
Your +1 scale mail melds into your body.
The ring "Jaer" {rC+ Str+3 Int-5 SInv} melds into your body.
Your +4 ring of slaying melds into your body.
Your +1 spectral war axe disappears.
The orc warrior barely misses you.
The orc warrior hits you with a +0 trident!
Items here: )) [ ††.
Unknown command.
You hit the orc warrior but do no damage.
Maggie points at you and mumbles some strange words.
The bolt of fire hits Duvessa.
Duvessa resists.
The bolt of fire hits you!!
Dowan casts a spell.
Dowan blinks!
Duvessa hits you with a +0 short sword!
* * * LOW HITPOINT WARNING * * *
A demonic guardian appears!
You block the orc warrior's attack.
You are too injured to fight recklessly!
Unknown command.
You are too injured to fight recklessly!
Unknown command.
You are too injured to fight recklessly!
Unknown command.
You are too injured to fight recklessly!
You are too injured to fight recklessly!
You are too injured to fight recklessly!
Maggie casts a spell at you. The bolt of fire hits your shadow imp!
Your shadow imp dies!
Your shadow imp disappears in a puff of smoke!
The bolt of fire hits you!!
You die...

# ..............##
##..).......!..##
#...............#
#....e..........# ######
#......@........# #.....
#.....oe........# #.....
#......)§.......## #.....
#......).........# #...<.
#........b.......## #.....
#.................###.†...
#..................###....
###..........#.[...>##....
########...##..#...#....
######...#...####
##.....^.... #.)....###.
##).#### ##


You could see Maggie, Duvessa (resistant), an orc warrior and Dowan.

Vanquished Creatures
  Menkaure (D:7)
  2 water moccasins
  An ice beast (D:6)
  A sky beast (D:6)
  3 black bears
  2 ogres
  A centaur (D:7)
  3 scorpions
  9 wights (D:7)
  An electric eel (D:7)
  A centaur zombie (Ossuary)
  A hound (D:5)
  2 human zombies (Ossuary)
  2 jellies (D:5)
  An orc priest (D:4)
  2 iguanas
  2 orc wizards
  4 mummies (Ossuary)
  A gnoll (D:4)
  7 adders
  2 ufetubi
  2 worms (D:5)
  4 dart slugs
  14 orcs
  5 ball pythons
  6 bats
  12 endoplasms
  A giant cockroach (D:4)
  6 hobgoblins
  5 jackals (D:1)
  A quokka (D:2)
  5 frilled lizards
  17 goblins
  2 goblin zombies (Ossuary)
  A hobgoblin zombie (Ossuary)
  6 kobolds
  2 kobold zombies (Ossuary)
  8 rats
146 creatures vanquished.

Vanquished Creatures (collateral kills)
  An adder (D:3)
  A ball python (D:2)
2 creatures vanquished.

Grand Total: 148 creatures vanquished

Notes
Turn   | Place    | Note
-------+----------+-------------------------------------------
     0 | D:1      | coolio the Demonspawn Fighter began the quest for the Orb.
     0 | D:1      | Reached XP level 1. HP: 18/18 MP: 1/1
    31 | D:1      | Reached skill level 2 in Axes
    60 | D:1      | Gained mutation: A weak demonic guardian rushes to your
                  | aid. [demonic ancestry]
    60 | D:1      | Reached XP level 2. HP: 24/24 MP: 2/2
   387 | D:1      | Gained mutation: You are partially covered in razor-sharp
                  | scales. (AC +1, Slay +1) [demonic ancestry]
   387 | D:1      | Reached XP level 3. HP: 29/29 MP: 3/3
   925 | D:2      | Found an opulent altar of Gozag.
  1513 | D:2      | Reached skill level 3 in Axes
  1919 | D:3      | Found a faded altar of an unknown god.
  1948 | D:3      | Gained mutation: You are mostly covered in razor-sharp
                  | scales. (AC +2, Slay +2) [demonic ancestry]
  1948 | D:3      | Reached XP level 4. HP: 32/35 MP: 4/4
  2044 | D:3      | Noticed a scorpion
  2052 | D:3      | Killed a scorpion
  2056 | D:3      | Gained mutation: You are completely covered in razor-sharp
                  | scales. (AC +3, Slay +3) [demonic ancestry]
  2056 | D:3      | Reached XP level 5. HP: 33/42 MP: 5/5
  2176 | D:3      | Noticed an ogre
  2186 | D:3      | Killed an ogre
  2187 | D:3      | Reached skill level 4 in Axes
  2397 | D:3      | Noticed a water moccasin
  2407 | D:3      | Killed a water moccasin
  2408 | D:3      | Gained mutation: You regenerate magic rapidly. [demonic
                  | ancestry]
  2408 | D:3      | Reached XP level 6. HP: 40/49 MP: 6/6
  2533 | D:4      | Found a sparkling altar of Nemelex Xobeh.
  2546 | D:4      | Found a stormy altar of Qazlal.
  2672 | D:4      | Found a sand-covered staircase.
  2683 | Ossuary  | Entered an ossuary
  2937 | Ossuary  | Reached skill level 5 in Axes
  2956 | Ossuary  | Gained mutation: Your touch may inflict minor irresistible
                  | damage on your foes. [demonic ancestry]
  2956 | Ossuary  | Reached XP level 7. HP: 55/55 MP: 7/7
  3426 | D:4      | You fall into a shaft and drop 3 floors!
  3444 | D:7      | HP: 1/55 [centaur/arrow (3)]
  3608 | D:6      | Reached skill level 5 in Fighting
  4048 | D:5      | Entered Level 5 of the Dungeon
  4067 | D:5      | Reached skill level 6 in Axes
  4156 | D:5      | Found a staircase to the Ecumenical Temple.
  4176 | Temple   | Entered the Ecumenical Temple
  4185 | Temple   | Became a worshipper of Makhleb the Destroyer
  4203 | D:5      | Found a bloodstained altar of Trog.
  4207 | D:5      | Found a shimmering altar of Xom.
  4346 | D:5      | Reached skill level 5 in Armour
  4346 | D:5      | Reached skill level 1 in Invocations
  4346 | D:5      | Reached XP level 8. HP: 26/63 MP: 8/8
  4645 | D:5      | Found a hide-covered altar of Uskayaw.
  4715 | D:5      | Found a snail-covered altar of Cheibriados.
  5399 | D:6      | Identified 2 scrolls of acquirement
  5399 | D:6      | Acquired 1119 gold pieces
  5401 | D:6      | Acquired a manual of Invocations
  6022 | D:7      | Found Xoeth's Jewellery Shoppe.
  6067 | D:7      | Reached * piety under Makhleb
  6071 | D:7      | Reached skill level 7 in Axes
  6328 | D:7      | Bought the ring "Jaer" {rC+ Str+3 Int-5 SInv} for 480 gold
                  | pieces
  6372 | D:7      | Reached skill level 5 in Invocations
  6372 | D:7      | Noticed Menkaure
  6378 | D:7      | Killed Menkaure
  6449 | D:7      | Reached XP level 9. HP: 48/69 MP: 13/13
  6625 | D:7      | Noticed Dowan
  6626 | D:7      | Noticed Duvessa
  6627 | D:7      | Noticed Maggie
  6635 | D:7      | Killed from afar by Maggie

Illustrated notes

Levels and vault maps discovered:
D:1:      minmay_arrival_diagonal_passages, layout_loops_cross, serial_forest,
          infiniplex_forest_clump_large, infiniplex_forest_clump_tiny,
          infiniplex_forest_clump_medium, infiniplex_forest_clump_C,
          infiniplex_forest_lined_room_, infiniplex_forest_straight_4,
          infiniplex_forest_clump_small, infiniplex_forest_clump_diagonal,
          infiniplex_forest_straight_3, serial_park_tiny_1, serial_bayou_ford_a
D:2:      layout_basic, basic_altar, grunt_decor_mini_mirrors,
          minmay_quadrilaterals
D:3:      layout_rooms, hellmonk_ecumenical_altar_pennies_from_heaven,
          minmay_misc_feat_enclosed, chequers_serial_rivers_micro_d,
          minmay_ogre_servants
D:4:      layout_layer_cave, mainiacjoe_overflow_surrounded_room,
          mainiacjoe_overflow_large_starburst, nicolae_ossuary_entry_ruins,
          minmay_joined_circles
D:5:      layout_loops_cross, slow_altar_2, kennysheep_little_box,
          chequers_temple_overflow_statue_of_worship,
          nicolae_uskayaw_murder_on_the_dancefloor, minmay_temple_entry_mist
D:6:      layout_basic
D:7:      layout_cave_pods, nicolae_wooded_promenade, uniq_maggie, uniq_duvessa,
          uniq_menkaure
Temple:   eino_temple_lava

Skill      XL: |  1  2  3  4  5  6  7  8  9 |
---------------+----------------------------+-----
Axes           | 2 3 4 5 6 7 |  7.8
Armour         | 3 4 5 |  5.9
Fighting       | 4 5 6 |  6.5
Invocations    | 1 5 6 |  6.3
Shields        | |  2.6

Action                     |  1- 3 |  4- 6 |  7- 9 || total
---------------------------+-------+-------+-------++-------
  Melee: War axe           |   130 |   105 |   123 ||   358
         Touch             |       |       |    24 ||    24
         Punch             |       |       |     4 ||     4
         Unarmed           |       |       |     1 ||     1
    Use: Scroll            |       |       |    13 ||    13
   Stab: Distracted        |     1 |       |       ||     1
 Armour: Scale mail        |    70 |    46 |    45 ||   161
  Dodge: Dodged            |    54 |    36 |    43 ||   133
  Block: Buckler           |     2 |       |       ||     2
         Other             |     6 |    25 |    28 ||    59
         Reflection        |       |       |     3 ||     3
